 Dungeon Crawl Stone Soup version 0.27-a0-1090-gb115f176c6 (webtiles) character file.

Game seed: 241127979779783272

14415 snetch the Cleaver (level 11, 0/99 HPs)
             Began as a Minotaur Berserker on Apr 27, 2021.
             Was a High Priest of Trog.
             Slain by a manticore (6 damage)
             ... on level 11 of the Dungeon on Apr 28, 2021.
             The game lasted 00:44:17 (13402 turns).

snetch the Cleaver (Minotaur Berserker)            Turns: 13402, Time: 00:44:18

Health: 0/99       AC: 22    Str: 24    XL:     11   Next: 88%
Magic:  10/10      EV: 12    Int:  7    God:    Trog [*****.]
Gold:   683        SH:  0    Dex: 11    Spells: 10/10 levels left

rFire    . . .     SeeInvis .   a - +3 executioner's axe (flame)
rCold    + . .     Faith    +   (shield currently unavailable)
rNeg     . . .     Spirit   .   P - +2 ice dragon scales
rPois    +         Reflect  .   (helmet restricted)
rElec    .         Harm     .   e - +0 cloak {rPois}
rCorr    +         Rampage  .   y - +1 pair of gloves
Will     +++..                  N - +1 pair of boots
Stlth    ..........             J - amulet of faith
HPRegen  1.26/turn              s - ring of fire
MPRegen  0.12/turn              D - ring of Urhuejij {Will+ rCorr Int+3}

@: strong-willed, spiked, regenerating
A: horns 2, retaliatory headbutt
a: Renounce Religion, Berserk, Trog's Hand, Brothers in Arms


You were on level 11 of the Dungeon.
You worshipped Trog.
Trog was extremely pleased with you.
You visited 2 branches of the dungeon, and saw 12 of its levels.
You also visited: Sewer and Bailey.

You collected 683 gold pieces.

Inventory:

Hand Weapons
 a - a +3 executioner's axe of flaming (weapon)
 b - the +8 spear of Greed {drain, Str+2}
   (You found it in a bailey)

   A truly terrible weapon, it drains the life of those it strikes.
   It affects your strength (+2).
 c - a +4 flail
Missiles
 r - 73 poisoned darts
 z - 8 boomerangs (quivered)
 B - 14 javelins
 C - 8 curare-tipped darts
 K - 8 datura-tipped darts
 Y - a throwing net
Armour
 e - a +0 cloak of poison resistance (worn)
 y - a +1 pair of gloves (worn)
 N - a +1 pair of boots (worn)
 P - +2 ice dragon scales (worn)
 U - a +1 cloak of preservation
Jewellery
 d - a ring of protection from fire
 s - a ring of fire (left hand)
 u - a ring of protection from cold
 D - the ring of Urhuejij (right hand) {Will+ rCorr Int+3}
   (You found it on level 5 of the Dungeon)

   [ring of resist corrosion]

   It affects your intelligence (+3).
   It protects you from acid and corrosion.
   It increases your willpower.
 J - an amulet of faith (around neck)
 M - a +4 ring of protection
 V - a +6 ring of dexterity
Wands
 f - a wand of mindburst (14)
 m - a wand of polymorph (6)
 v - a wand of flame (11)
 L - a wand of digging (11)
 R - a wand of acid (12)
 W - a wand of iceblast (10)
Scrolls
 g - a scroll of immolation
 h - 3 scrolls of amnesia {unknown}
 k - a scroll of magic mapping {unknown}
 q - 2 scrolls of holy word
 A - 2 scrolls of enchant armour
 G - 2 scrolls of acquirement {unknown}
 H - a scroll of vulnerability
 I - a scroll of fog
 O - 3 scrolls of enchant weapon {unknown}
 Q - a scroll of fear
 S - a scroll of teleportation
Potions
 i - 4 potions of curing
 j - 5 potions of attraction {unknown}
 p - 5 potions of heal wounds {unknown}
 t - 3 potions of haste
 w - 3 potions of lignification
 x - 4 potions of flight {unknown}
 X - 2 potions of mutation


   Skills:
 + Level 9.9 Fighting
 + Level 14.4(15.0) Axes
 + Level 5.2(10.9) Maces & Flails
 + Level 5.7(11.1) Polearms
 + Level 2.1 Throwing
 + Level 11.3 Armour
 + Level 6.0 Dodging
 + Level 1.5 Stealth


You had 10 spell levels left.
You didn't know any spells.
Your spell library contained the following spells:

 Spells                   Type           Power      Damage    Failure   Level
 Animate Skeleton         Necr           0%         N/A       73%         1
 Pain                     Necr           0%         1d4       73%         1
 Sandblast                Erth           0%         2d4       73%         1
 Sting                    Tmut/Pois      0%         1d3       73%         1
 Passwall                 Tmut/Erth      0%         N/A       86%         2
 Poisonous Vapours        Pois/Air       0%         N/A       86%         2
 Ignite Poison            Fire/Tmut/Pois 0%         N/A       97%         3
 Mephitic Cloud           Conj/Pois/Air  0%         N/A       97%         3
 Stone Arrow              Conj/Erth      0%         3d7       97%         3
 Vampiric Draining        Necr           0%         2d6       97%         3
 Animate Dead             Necr           0%         N/A       100%        4
 Olgreb's Toxic Radiance  Pois           0%         N/A       100%        4
 Petrify                  Tmut/Erth      0%         N/A       100%        4
 Agony                    Necr           0%         N/A       100%        5
 Bolt of Magma            Conj/Fire/Erth 0%         4d4       100%        5
 Iskenderun's Battlesphe  Conj           0%         2d6       100%        5
 Lee's Rapid Deconstruct  Erth           0%         3d5*      100%        5
 Iron Shot                Conj/Erth      0%         9d1       100%        6
 Orb of Destruction       Conj           0%         N/A       100%        7
 Spellforged Servitor     Conj/Summ      0%         N/A       100%        7


Dungeon Overview and Level Annotations

Branches:
Dungeon (11/15)            Temple (1/1) D:6           Sewer (visited)
 Bailey (visited)
   Lair: D:8-11         Orc: D:9-12

Altars:
Ashenzari
Cheibriados
Dithmenos
Elyvilon
Fedhas
Gozag
Hepliaklqana
Kikubaaqudgha
Makhleb
Nemelex Xobeh
Okawaru
Qazlal
Ru
Sif Muna
Uskayaw
Vehumet
Wu Jian
Xom
Yredelemnul
Zin
The Shining One

Annotations:
D:1 species behind stone glass
D:3 , hatch behind water
D:11 3 runed translucent doors, ArcanElement's ghost, novice HuFi


Innate Abilities, Weirdness & Mutations

You have a pair of horns on your head.
You reflexively headbutt those who attack you in melee.


Message History

The volley of spikes misses you.
Found an escape hatch in the floor.
There is an open door here.
The manticore flicks its tail.
The volley of spikes hits you!
The barbed spikes become lodged in your body.
* * * LOW HITPOINT WARNING * * *
Found a scroll of identify.
There is an escape hatch in the floor here.
The barbs in your skin will harm you if you move.
Continue?
Okay, then.
Your skin crawls.
You feel strong-willed.
You hit the manticore. You burn the manticore.
The manticore is lightly wounded.
The manticore bites you but does no damage.
The manticore claws you but does no damage. x2
You slice the manticore!! You burn the manticore. You headbutt the manticore!
The manticore is severely wounded.
The manticore bites you.
* * * LOW HITPOINT WARNING * * *
The manticore claws you but does no damage.
The manticore barely misses you. The manticore bites you.
* * * LOW HITPOINT WARNING * * *
The manticore closely misses you.
The manticore claws you but does no damage.
You barely miss the manticore.
The manticore is severely wounded.
The manticore bites you.
* * * LOW HITPOINT WARNING * * *
The manticore claws you but does no damage.
The manticore claws you!
* * * LOW HITPOINT WARNING * * *
Okay, then.
Your ogre goes berserk!
You hear the steady crackling of a distant melting archway.
The manticore bites you.
* * * LOW HITPOINT WARNING * * *
The manticore barely misses you. The manticore claws you.
You die...

####### ########## #.....# #
.........# #.....###
.........# #........
.........#######.....###
.....................#
.....................#
.....OH..............#
.......@...#####.....#
.......#'###...'.....#
...?...#.......#.....#
........####.......#..<..#
........#..........##....#
........#...........#....#
........#...........#..[.#
........#...........#....###
........#...........#.......


You could see a manticore (ally target) and a friendly ogre (summoned, berserk).

Vanquished Creatures
  A death knight (D:11)
  A skeletal warrior (D:9)
  A sixfirhy (D:7)
  2 phantasmal warriors (D:11)
  An orc knight (Bailey)
  The ghost of dang3rdave the Destroyer, a novice GrAE of Hepliaklqana (D:7)
  Joseph (D:7)
  Maurice (D:9)
  2 guardian serpents (D:11)
  A gargoyle (D:9)
  Grinder (Sewer)
  A hornet (D:9)
  2 wraiths (D:11)
  A shadow (D:8)
  Sigmund (D:2)
  A basilisk (D:11)
  7 yaks
  2 steam dragons
  4 vampire mosquitoes
  A water moccasin (D:6)
  Duvessa (D:4)
  The ghost of chaostorm the Gusty, an amateur TeAE (D:3)
  An acid dragon (D:10)
  7 orc warriors
  A sky beast (D:8)
  A black bear (D:6)
  A necrophage (D:5)
  5 ice beasts
  An ogre (D:5)
  11 centaurs
  A phantom (D:7)
  4 kobold brigands
  A gnoll sergeant (D:7)
  A wyvern zombie (D:9)
  6 bullfrogs
  Dowan (D:4)
  A water moccasin skeleton (D:5)
  6 killer bees
  8 wights
  3 howler monkeys
  2 centaur zombies (D:8)
  2 quasits (Sewer)
  2 hounds
  2 jellies
  Crazy Yiuf (D:7)
  9 orc priests
  2 bullfrog skeletons
  Jessica (D:2)
  6 orc wizards
  Natasha (thrice) (D:4)
  Terence (D:3)
  2 iguanas
  2 killer bee zombies
  A hound skeleton (D:4)
  2 howler monkey zombies
  Robin (D:2)
  6 adders
  2 shadow imps (Sewer)
  A white imp (D:11)
  3 ufetubi (Sewer)
  2 adder zombies (Sewer)
  3 dart slugs
  3 worms
  45 orcs
  12 ball pythons
  9 endoplasms
  12 giant cockroaches
  10 goblins
  9 hobgoblins
  14 jackals
  31 kobolds
  2 quokkas
  9 bats
  5 frilled lizards
  5 rats
  A bush (D:7)
318 creatures vanquished.

Vanquished Creatures (collateral kills)
  Harold (D:9)
  A kobold brigand (D:9)
  3 kobolds (D:9)
5 creatures vanquished.

Vanquished Creatures (others)
  An adder zombie (Sewer)
  4 fungi (D:11)
  A plant (D:11)
6 creatures vanquished.

Grand Total: 329 creatures vanquished

Notes
Turn   | Place    | Note
-------+----------+-------------------------------------------
     0 | D:1      | snetch the Minotaur Berserker began the quest for the Orb.
     0 | D:1      | Reached XP level 1. HP: 19/19 MP: 0/0
     2 | D:1      | Noticed a minotaur
     2 | D:1      | Noticed an ogre
    14 | D:1      | Noticed a spriggan
    14 | D:1      | Noticed a troll
    16 | D:1      | Noticed a demonspawn
    16 | D:1      | Noticed a centaur
    18 | D:1      | Noticed a tengu
    18 | D:1      | Noticed a vine stalker
    20 | D:1      | Noticed a palentonga
    20 | D:1      | Noticed a barachi
    22 | D:1      | Noticed a ghoul
    22 | D:1      | Noticed a dwarf
    24 | D:1      | Noticed a naga
    26 | D:1      | Noticed a draconian
    28 | D:1      | Noticed a formicid
    28 | D:1      | Noticed a demigod
    30 | D:1      | Noticed a vampire
    30 | D:1      | Noticed an octopode
    31 | D:1      | You fall into a shaft and drop 1 floor!
   280 | D:1      | Reached skill level 4 in Axes
   280 | D:1      | Reached XP level 2. HP: 27/27 MP: 1/1
   294 | D:1      | Found a faded altar of an unknown god.
   479 | D:1      | Noticed a merfolk
   481 | D:1      | Noticed a felid
   481 | D:1      | Noticed an elf
   483 | D:1      | Noticed a gargoyle
   483 | D:1      | Noticed a human
   735 | D:2      | Reached XP level 3. HP: 29/33 MP: 2/2
   913 | D:1      | Reached ** piety under Trog
  1317 | D:2      | Noticed Sigmund
  1325 | D:2      | Killed Sigmund
  1326 | D:2      | Reached skill level 5 in Axes
  1326 | D:2      | Reached XP level 4. HP: 41/41 MP: 3/3
  1326 | D:2      | Reached XP level 5. HP: 47/47 MP: 4/4
  1587 | D:2      | Noticed Jessica
  1596 | D:2      | Killed Jessica
  1597 | D:2      | Reached skill level 6 in Axes
  1928 | D:2      | Noticed Robin
  1936 | D:2      | Killed Robin
  2171 | D:4      | Noticed Duvessa
  2171 | D:4      | Noticed Dowan
  2184 | D:4      | Killed Duvessa
  2185 | D:4      | Reached XP level 6. HP: 21/55 MP: 5/5
  2186 | D:4      | Killed Dowan
  2485 | D:4      | Reached skill level 5 in Fighting
  2546 | D:4      | Noticed Natasha
  2560 | D:4      | Killed Natasha
  2561 | D:4      | Reached skill level 7 in Axes
  2582 | D:4      | Reached *** piety under Trog
  2605 | D:4      | Found a glowing drain.
  2621 | D:4      | Reached XP level 7. HP: 61/61 MP: 6/6
  2634 | Sewer    | Entered a sewer
  2922 | Sewer    | Found a burning altar of Makhleb.
  2932 | Sewer    | Reached skill level 1 in Throwing
  3207 | Sewer    | Noticed Grinder
  3227 | Sewer    | Killed Grinder
  3228 | Sewer    | Reached skill level 8 in Axes
  3228 | Sewer    | Reached skill level 5 in Armour
  3304 | D:4      | Noticed Natasha
  3310 | D:3      | Noticed chaostorm's ghost (amateur TeAE)
  3316 | D:3      | Found a runed translucent door.
  3432 | D:3      | Reached **** piety under Trog
  3632 | D:3      | Found an ancient bone altar of Kikubaaqudgha.
  3787 | D:3      | Noticed Terence
  3795 | D:3      | Killed Terence
  4441 | D:3      | Killed chaostorm's ghost
  4442 | D:3      | Reached XP level 8. HP: 70/70 MP: 7/7
  4548 | D:4      | Reached skill level 1 in Stealth
  4554 | D:4      | Killed Natasha
  4604 | D:5      | Entered Level 5 of the Dungeon
  4674 | D:4      | Reached skill level 9 in Axes
  4999 | D:4      | Noticed Natasha
  5002 | D:4      | Killed Natasha
  5547 | D:5      | Reached skill level 10 in Axes
  5686 | D:5      | Reached XP level 9. HP: 69/78 MP: 8/8
  5763 | D:5      | Found a radiant altar of Vehumet.
  6043 | D:5      | Found a shimmering altar of Xom.
  6255 | D:5      | Identified the ring of Urhuejij {Will+ rCorr Int+3}
  6426 | D:6      | Reached skill level 11 in Axes
  6474 | D:7      | Noticed dang3rdave's ghost (novice GrAE)
  6635 | D:6      | Found a staircase to the Ecumenical Temple.
  6643 | Temple   | Entered the Ecumenical Temple
  7078 | D:6      | Identified the +5 whip of Subterfuge {flame, *Slow rC+
                  | Dex+6}
  7244 | D:7      | Found a runed translucent gate.
  7244 | D:7      | Found a runed translucent gate.
  7244 | D:7      | Found a runed translucent gate.
  7333 | D:8      | Found a hide-covered altar of Uskayaw.
  7393 | D:8      | Found a flagged portal.
  7417 | Bailey   | Entered a bailey
  7534 | Bailey   | Reached ***** piety under Trog
  7542 | Bailey   | Reached skill level 1 in Polearms
  7618 | Bailey   | Noticed an orc knight
  7784 | Bailey   | Killed an orc knight
  8103 | Bailey   | Identified the +8 spear of Greed {drain, Str+2}
  8366 | D:7      | Reached XP level 10. HP: 86/86 MP: 9/9
  8372 | D:7      | Reached skill level 5 in Polearms
  8501 | D:7      | Found a runed translucent door.
  8524 | D:7      | Found a burning altar of Makhleb.
  8524 | D:7      | Noticed a sixfirhy
  8533 | D:7      | Killed a sixfirhy
  8583 | D:7      | Found a snail-covered altar of Cheibriados.
  8858 | D:7      | Found a large runed translucent door.
  8860 | D:7      | Found a large runed translucent door.
  8938 | D:7      | Found a runed translucent door.
  8939 | D:7      | Noticed Crazy Yiuf
  8951 | D:7      | Killed Crazy Yiuf
  8989 | D:7      | Found a blossoming altar of Fedhas.
  9340 | D:7      | Noticed Joseph
  9373 | D:7      | Killed Joseph
  9374 | D:7      | Reached skill level 12 in Axes
  9374 | D:7      | Reached skill level 1 in Maces & Flails
  9662 | D:7      | Killed dang3rdave's ghost
  9806 | D:7      | Found a glowing golden altar of the Shining One.
  9815 | D:7      | Found a broken altar of Ashenzari.
 10003 | D:8      | Reached skill level 10 in Armour
 10620 | D:8      | Reached skill level 5 in Dodging
 11065 | D:9      | Reached skill level 5 in Maces & Flails
 11311 | D:9      | Noticed Harold
 11323 | D:9      | Received a gift from Trog
 11324 | D:9      | Killed Harold
 11325 | D:9      | Reached XP level 11. HP: 78/95 MP: 10/10
 11375 | D:9      | Noticed a skeletal warrior
 11654 | D:9      | Killed a skeletal warrior
 11927 | D:9      | Noticed Maurice
 11935 | D:9      | Killed Maurice
 11981 | D:9      | Paralysed by a hornet for 1 turns
 12421 | D:10     | Entered Level 10 of the Dungeon
 12602 | D:9      | Reached skill level 13 in Axes
 13242 | D:11     | Found a runed translucent gate.
 13242 | D:11     | Found a runed translucent gate.
 13242 | D:11     | Found a runed translucent gate.
 13245 | D:11     | Noticed ArcanElement's ghost (novice HuFi)
 13273 | D:11     | Noticed a phantasmal warrior
 13273 | D:11     | Noticed a phantasmal warrior
 13279 | D:11     | Noticed a death knight
 13283 | D:11     | Killed a phantasmal warrior
 13283 | D:11     | Killed a phantasmal warrior
 13291 | D:11     | Killed a death knight
 13292 | D:11     | Reached skill level 14 in Axes
 13346 | D:11     | HP: 3/99 [komodo dragon (9)]
 13347 | D:11     | HP: 1/99 [komodo dragon (9)]
 13402 | D:11     | Slain by a manticore

Illustrated notes

Levels and vault maps discovered:
D:1:      kb_arrival_jail, layout_basic, hellmonk_ecumenical_altar_blasted
D:2:      layout_basic, uniq_sigmund, uniq_jessica, uniq_robin
D:3:      layout_basic, general_overflow_altar, hellmonk_ghost_happy_afterlife,
          serial_bayou_pond_b, small_statue_intersection, corner_web_ring,
          minmay_door_square, minmay_stone_trees_small, uniq_terence
D:4:      layout_loops_cross, gup_sewer_entry_glass, uniq_duvessa, uniq_natasha
D:5:      layout_basic, lemuel_crystal_altar, lemuel_doored_altar,
          nrook_mini_backslash
D:6:      layout_rooms, minmay_temple_entry_glassed_door
D:7:      layout_cave_pods, jmf_multi_god_temple2, cheibrodos_worm_habitat,
          fedhas_bush_and_centaur_altar, nzn_makhleb_speed_demon,
          gammafunk_ghost_split, hangedman_abyss_or_decor_jellyfish_corner,
          st_stairs_11, uniq_joseph, uniq_crazy_yiuf_cottage
D:8:      layout_gridville, nicolae_uskayaw_dance_hall, enter_bailey_2,
          st_stairs_14, kennysheep_generic_room_6
D:9:      layout_cave_pods, minmay_checkerbox, uniq_harold, uniq_maurice
D:10:     layout_layer_cave, lemuel_crystal_altar
D:11:     nrook_guardian_serpent_snake_passage, layout_irregular_city,
          minmay_lair_entry_grove, portal_ice_cave_entry_imps,
          trove_entry_hex_spiral, serial_shops, shop,
          gammafunk_ghost_nasty_kobolds
Temple:   minmay_temple_forest_path

Skill      XL: |  1  2  3  4  5  6  7  8  9 10 11 |
---------------+----------------------------------+-----
Axes           | 4 5 6 7 8 10 11 12 14 | 14.4
Fighting       | 4 5 6 7 8 9 |  9.9
Armour         | 3 4 5 6 8 10 11 | 11.3
Dodging        | 3 4 5 6 |  6.0
Throwing       | 1 2 |  2.1
Stealth        | 1 |  1.5
Polearms       | 4 5 |  5.7
Maces & Flails | 5 |  5.2

Action                   |  1- 3 |  4- 6 |  7- 9 | 10-12 || total
-------------------------+-------+-------+-------+-------++-------
Melee: Hand axe          |    75 |    94 |     9 |       ||   178
       Headbutt          |    12 |    15 |    54 |    81 ||   162
       Unarmed           |       |    12 |       |       ||    12
       War axe           |       |       |   272 |    62 ||   334
       Trident           |       |       |    87 |       ||    87
       Whip              |       |       |       |   127 ||   127
       Flail             |       |       |       |    11 ||    11
       Executioner's axe |       |       |       |   113 ||   113
Throw: Stone             |       |    17 |    18 |    16 ||    51
Invok: Berserk           |     1 |     4 |     5 |     6 ||    16
       Trog's Hand       |     1 |     3 |     3 |     5 ||    12
       Brothers in Arms  |       |       |       |     2 ||     2
  Use: Scroll            |       |       |       |    11 ||    11
       Potion            |       |       |       |     2 ||     2
 Stab: Sleeping          |       |       |     1 |       ||     1
Armor: Ring mail         |    31 |     6 |       |       ||    37
       Robe              |       |    18 |     1 |       ||    19
       Skin              |       |     3 |       |       ||     3
       Chain mail        |       |       |    73 |       ||    73
       Plate armour      |       |       |   143 |       ||   143
       Ice dragon scales |       |       |     9 |   247 ||   256
Dodge: Dodged            |    49 |    65 |   191 |   261 ||   566

Table legend: (Time is in decaauts)
 A = Elapsed time spent in this place.
 B = Non-inter-level travel time spent in this place.
 C = Inter-level travel time spent in this place.
 D = Time resting spent in this place.
 E = Time spent auto-exploring this place.
 F = Levels seen in this place.
 G = Mean time per level.
                   A        B        C        D        E       F      G
               +--------+--------+--------+--------+--------+-----+--------+
         Total |  13601 |  12851 |    750 |    617 |   8462 |  14 |  971.5 |
       Dungeon |  11717 |  11026 |    691 |    617 |   7249 |  11 | 1065.2 |
        Temple |    420 |    361 |     59 |      0 |    360 |   1 |  420.0 |
         Sewer |    669 |    669 |      0 |      0 |    329 |   1 |  669.0 |
        Bailey |    793 |    793 |      0 |      0 |    524 |   1 |  793.0 |
               +--------+--------+--------+--------+--------+-----+--------+

Top non-repeatable levels by time:
     D:8: 1835 daAuts
     D:7: 1689 daAuts
     D:3: 1550 daAuts
     D:9: 1381 daAuts
     D:1: 1226 daAuts
     D:4: 1101 daAuts
     D:5: 1008 daAuts
     D:2: 918 daAuts
  Bailey: 793 daAuts
   Sewer: 669 daAuts
     D:6: 438 daAuts
    D:11: 435 daAuts
  Temple: 420 daAuts
    D:10: 132 daAuts
